 Dungeon Crawl Stone Soup version 0.19.4-10-g532645f (webtiles) character file.

628 Ponchio the Vexing (level 7, -1/36 HPs)
             Began as a Deep Elf Conjurer on Feb 23, 2017.
             Killed from afar by a white imp (3 damage)
             ... with a puff of frost
             ... summoned by Natasha
             ... on level 4 of the Dungeon.
             The game lasted 00:17:58 (3802 turns).

Ponchio the Vexing (Deep Elf Conjurer)              Turns: 3802, Time: 00:18:04

Health: -1/36      AC:  5    Str:  5    XL:     7   Next: 23%
Magic:  5/17       EV: 13    Int: 22    God:
Gold:   103        SH:  0    Dex: 15    Spells: 3 memorised, 7 levels left

rFire  + . .     SeeInvis .     y - +1 short sword (protect)
rCold  + . .     Gourm    .     q - +2 robe {Archmagi}
rNeg   . . .     Faith    .     (no shield)
rPois  +         Spirit   .     (no helmet)
rElec  +         Reflect  .     x - +0 cloak
rCorr  +         Harm     .     (no gloves)
MR     .....                    (no boots)
Stlth  ++........               (no amulet)
                                (no ring)
                                e - ring of wizardry

@: resistant, invisible
A: no striking features
a: no special abilities


You were on level 4 of the Dungeon.
You were not hungry.

You visited 1 branch of the dungeon, and saw 4 of its levels.

You collected 103 gold pieces.

Inventory:

Hand Weapons
 y - a +1 short sword of protection (weapon)
Armour
 q - a +2 robe of the Archmagi (worn)
 x - a +0 cloak (worn)
Jewellery
 e - a ring of wizardry (left hand)
Wands
 w - a wand of slowing (22/48)
Scrolls
 d - a scroll of amnesia {unknown}
 h - 3 scrolls of identify {unknown}
 k - 2 scrolls of magic mapping {unknown}
 m - 2 scrolls of enchant armour {unknown}
 r - a scroll of recharging {unknown}
 u - a scroll of teleportation {unknown}
Potions
 f - a potion of ambrosia {unknown}
 i - a potion of haste {unknown}
 j - a potion of heal wounds {unknown}
 n - a potion of curing {unknown}
 o - 2 potions of resistance
 p - a potion of invisibility
 t - a potion of beneficial mutation {unknown}
 v - a potion of cure mutation {unknown}
Books
 a - a book of Cantrips

   Spells                             Type                      Level
   a - Confusing Touch                Hexes                        1
   b - Animate Skeleton               Necromancy                   1
   c - Summon Small Mammal            Summoning                    1
   d - Apportation                    Translocation                1
 b - a book of Conjurations

   Spells                             Type                      Level
   a - Magic Dart                     Conjuration                  1
   b - Searing Ray                    Conjuration                  2
   c - Dazzling Spray                 Conjuration/Hexes            3
   d - Fulminant Prism                Conjuration/Hexes            4
   e - Iskenderun's Mystic Blast      Conjuration                  4
   f - Iskenderun's Battlesphere      Conjuration/Charms           5
Comestibles
 c - 4 bread rations
 g - a royal jelly
 l - a meat ration
 s - a beef jerky


   Skills:
 - Level 2.4 Dodging
 - Level 2.4 Stealth
 + Level 5.3 Spellcasting
 + Level 5.7 Conjurations
 - Level 6.1 Hexes
 + Level 5.3 Charms


You had 7 spell levels left.
You knew the following spells:

 Your Spells              Type           Power        Failure   Level  Hunger
a - Magic Dart            Conj           ####         1%          1    None
b - Dazzling Spray        Conj/Hex       #####.       1%          3    ##.....
c - Iskenderun's Battles  Conj/Chrm      #####...     14%         5    #####..


Dungeon Overview and Level Annotations

Branches:
Dungeon (4/15)
 Temple: D:4-7

Altars:
Cheibriados
Okawaru
Uskayaw
The Shining One

Annotations:
D:4 Natasha


Message History

Natasha closely misses you.
You see here an arrow.
Natasha casts a spell at you. The magic dart hits you!
* * * LOW HITPOINT WARNING * * *
The centaur shoots an arrow.
The arrow hits you.
* * * LOW HITPOINT WARNING * * *
There is an open door here.
You see here an arrow.
Unknown command.
It was a potion of resistance.
You feel protected.
Natasha casts a spell.
It was a potion of invisibility.
You fade into invisibility!
The centaur shoots an arrow.
The arrow barely misses Natasha.
The arrow closely misses you. The white imp gestures at you.
The puff of frost hits you! You resist.
You die...

#.#........# .#
#.#...(....# #
#.#........'.
#.#........###
#.#........# #.# #(# #.#
##@######## #.h5.......
#.......... #(.........
..#.(........
............#.#.c........
............#.#..........
............#.#..........
............#............


You could see a centaur, Natasha and a white imp.

Vanquished Creatures
  Sigmund (D:3)
  An ogre (D:4)
  A scorpion (D:4)
  A hound (D:4)
  An orc priest (D:3)
  Crazy Yiuf (D:3)
  Jessica (D:2)
  Natasha (twice) (D:3 D:4)
  2 worker ants (D:4)
  3 adders (D:2)
  An ooze (D:2)
  4 worms
  5 dart slugs
  2 leopard geckos
  3 orcs (D:3)
  4 bats
  3 giant cockroaches
  9 goblins
  10 hobgoblins
  A jackal (D:1)
  8 kobolds
  2 quokkas (D:3)
  2 ball pythons (D:1)
  3 frilled lizards
  9 rats
80 creatures vanquished.

Notes
Turn   | Place    | Note
-------+----------+-------------------------------------------
     0 | D:1      | Ponchio the Deep Elf Conjurer began the quest for the Orb.
     0 | D:1      | Reached XP level 1. HP: 10/10 MP: 6/6
   248 | D:1      | Reached XP level 2. HP: 14/15 MP: 2/8
   896 | D:2      | Reached skill level 5 in Conjurations
   896 | D:2      | Reached XP level 3. HP: 17/19 MP: 5/10
  1065 | D:2      | Learned a level 3 spell: Dazzling Spray
  1390 | D:2      | Found a glowing golden altar of the Shining One.
  1403 | D:2      | Found a snail-covered altar of Cheibriados.
  1438 | D:2      | Noticed Jessica
  1442 | D:2      | Killed Jessica
  1442 | D:2      | Reached XP level 4. HP: 24/24 MP: 4/12
  1450 | D:2      | Reached skill level 5 in Spellcasting
  1704 | D:2      | Reached skill level 1 in Hexes
  2041 | D:2      | Found an iron altar of Okawaru.
  2042 | D:2      | Found a hide-covered altar of Uskayaw.
  2078 | D:3      | Reached skill level 2 in Hexes
  2111 | D:3      | Noticed Natasha
  2114 | D:3      | Noticed Sigmund
  2117 | D:3      | Killed Natasha
  2117 | D:3      | Reached XP level 5. HP: 18/28 MP: 1/14
  2322 | D:3      | Killed Sigmund
  2322 | D:3      | Reached skill level 5 in Hexes
  2322 | D:3      | Reached XP level 6. HP: 32/32 MP: 1/15
  2329 | D:3      | Learned a level 5 spell: Iskenderun's Battlesphere
  2660 | D:3      | Reached skill level 1 in Charms
  2662 | D:3      | Reached skill level 6 in Hexes
  2972 | D:3      | Found a runed door.
  3188 | D:3      | Noticed Crazy Yiuf
  3194 | D:3      | Killed Crazy Yiuf
  3278 | D:4      | Noticed Natasha
  3280 | D:4      | Killed Natasha
  3628 | D:4      | Reached XP level 7. HP: 36/36 MP: 8/16
  3771 | D:4      | Noticed Natasha
  3772 | D:4      | Reached skill level 5 in Charms
  3802 | D:4      | Killed from afar by a white imp

Skill      XL: |  1  2  3  4  5  6  7 |
---------------+----------------------+-----
Spellcasting   | 4 5 |  5.3
Conjurations   | 5 |  5.7
Hexes          | 2 5 6 |  6.1
Charms         | 4 5 |  5.3
Dodging        | |  2.4
Stealth        | |  2.4

Action                   |  1- 3 |  4- 6 |  7- 9 || total
-------------------------+-------+-------+-------++-------
Melee: Dagger            |     3 |     1 |       ||     4
       Short sword       |       |     2 |       ||     2
 Cast: Magic Dart        |    75 |    69 |     6 ||   150
       Dazzling Spray    |     2 |    28 |     7 ||    37
  Use: Potion            |       |       |     2 ||     2
  Eat: Chunk             |     1 |     7 |     1 ||     9
       Fruit             |       |     1 |       ||     1
Armor: Robe              |     5 |     5 |       ||    10
Dodge: Dodged            |    12 |     5 |     3 ||    20
